 Dungeon Crawl Stone Soup version 0.28.0 (webtiles) character file.

Game seed: 4347689864971701164

47602 freelancePsychic the Fighter (level 14, -2/115 HPs)
             Began as a Barachi Necromancer on Feb 14, 2022.
             Was an Initiate of Gozag.
             Slain by an eight-headed hydra (10 damage)
             ... on level 6 of the Lair of Beasts.
             The game lasted 01:10:02 (28546 turns).

freelancePsychic the Fighter (Barachi Necromancer) Turns: 28546, Time: 01:10:03

Health: -2/115     AC: 14    Str: 10    XL:     14   Next: 42%
Magic:  23/28      EV: 11    Int: 21    God:    Gozag
Gold:   482        SH:  0    Dex: 18    Spells: 10/33 levels left

rFire   + + .      SeeInvis .   a - staff of death
rCold   + . .      Faith    .   (no shield)
rNeg    + + .      Spirit   .   k - +2 ring mail {rN+}
rPois   +          Reflect  .   d - +0 helmet
rElec   +          Harm     .   A - +0 cloak
rCorr   +          Rampage  .   f - +0 pair of gloves
Will    +....                   (no boots)
Stlth   +.........              (no amulet)
HPRegen 0.29/turn               H - ring of protection from fire
MPRegen 0.21/turn               g - +6 ring of dexterity

@: resistant, gold aura, hasted, quick
A: amphibious, slowness 1, strong legs 2, +LOS
a: Hop, Renounce Religion, Potion Petition, Call Merchant, Bribe Branch


You were on level 6 of the Lair of Beasts.
You worshipped Gozag.
Gozag was aware of your devotion.
You visited 3 branches of the dungeon, and saw 18 of its levels.
You also visited: Ossuary.

You collected 3856 gold pieces.
You paid 3374 gold pieces to Gozag.

Inventory:

Hand Weapons
 b - a +0 dagger of electrocution
 c - a +0 quarterstaff
 t - a +4 short sword
 S - a +2 demon whip of flaming
Armour
 d - a +0 helmet (worn)
 f - a +0 pair of gloves (worn)
 k - a +2 ring mail of positive energy (worn)
 A - a +0 cloak (worn)
Magical Staves
 a - a staff of death (weapon)
 n - a staff of earth
Jewellery
 g - a +6 ring of dexterity (right hand)
 w - a ring of positive energy
 H - a ring of protection from fire (left hand)
 Q - a +4 ring of evasion
 R - a ring of ice
Wands
 v - a wand of digging (14)
 y - a wand of charming (5)
 B - a wand of paralysis (12)
 F - a wand of iceblast (18)
 K - a wand of flame (37)
Scrolls
 i - a scroll of silence
 l - a scroll of amnesia
 o - 2 scrolls of magic mapping
 q - a scroll of torment
 x - a scroll of holy word
 z - 6 scrolls of fog
 L - 2 scrolls of enchant armour
Potions
 e - a potion of experience {unknown}
 j - 2 potions of mutation
 m - a potion of magic
 p - 2 potions of might
 r - 2 potions of cancellation
 C - a potion of invisibility {unknown}
 E - 2 potions of brilliance {unknown}
 G - 2 potions of haste {unknown}
 I - 5 potions of lignification {unknown}
 M - a potion of ambrosia {unknown}
 N - 4 potions of degeneration {unknown}
 O - 2 potions of curing {@q1}


   Skills:
 - Level 12.0 Fighting
 - Level 12.0 Armour
 - Level 2.1 Dodging
 - Level 1.7 Stealth
 - Level 10.0 Spellcasting
 - Level 5.7 Conjurations
 - Level 10.0 Necromancy
 + Level 7.8 Transmutations
 - Level 5.6 Fire Magic
 - Level 8.7 Earth Magic
 + Level 7.8 Poison Magic


You had 10 spell levels left.
You knew the following spells:

 Your Spells              Type           Power      Damage    Failure   Level
a - Pain                  Necr           100%       1d9       1%          1
b - Vampiric Draining     Necr           68%        2d10      1%          3
c - Sticky Flame          Conj/Fire      34%        2d5       12%         4
d - Dispel Undead         Necr           68%        3d23      1%          4
e - Borgnjor's Vile Clut  Necr/Erth      33%        N/A       8%          5
f - Eringya's Noxious Bo  Tmut/Pois      21%        N/A       61%         6

Your spell library contained the following spells:

 Spells                   Type           Power      Damage    Failure   Level
 Animate Skeleton         Necr           100%       N/A       1%          1
 Sandblast                Erth           94%        2d19      1%          1
 Passwall                 Tmut/Erth      37%        N/A       1%          2
 Scorch                   Fire           68%        2d8       1%          2
 Ignite Poison            Fire/Tmut/Pois 40%        N/A       1%          3
 Stone Arrow              Conj/Erth      80%        3d12      1%          3
 Animate Dead             Necr           34%        N/A       1%          4
 Conjure Flame            Conj/Fire      34%        6-21      3%          3
 Static Discharge         Conj/Air       22%        N/A       6%          2
 Agony                    Necr           68%        N/A       6%          5
 Flame Wave               Conj/Fire      34%        2d8       12%         4
 Summon Small Mammal      Summ           40%        N/A       13%         1
 Alistair's Intoxication  Tmut/Pois      28%        N/A       14%         5
 Ice Form                 Ice/Tmut       27%        N/A       26%         4
 Call Canine Familiar     Summ           10%        N/A       36%         3
 Frozen Ramparts          Ice            20%        1d4       36%         3
 Summon Guardian Golem    Hex/Summ       10%        N/A       36%         3
 Passage of Golubria      Tloc           10%        N/A       77%         4
 Summon Ice Beast         Ice/Summ       10%        N/A       77%         4
 Silence                  Hex/Air        5%         N/A       98%         5
 Summon Cactus Giant      Summ           5%         N/A       100%        6
 Lehudib's Crystal Spear  Conj/Erth      20%        10d6      100%        8


Dungeon Overview and Level Annotations

Branches:
Dungeon (11/15)            Temple (1/1) D:4            Lair (5/6) D:10
  Swamp (0/4) Lair:2        Snake (0/4) Lair:3          Orc (0/2) D:10
Ossuary (visited)
  Slime: Lair:5-6

Altars:
Ashenzari
Cheibriados
Dithmenos
Elyvilon
Fedhas
Gozag
Hepliaklqana
Kikubaaqudgha
Makhleb
Nemelex Xobeh
Okawaru
Qazlal
Ru
Sif Muna
Trog
Uskayaw
Vehumet
Wu Jian
Xom
Yredelemnul
Zin
The Shining One

Shops:
D:7 (

Annotations:
D:2 exclusion: ogre
D:6 exclusion: 2 downstairs
D:8 exclusion: downstairs
D:9 exclusions: downstairs and two-headed ogre
D:10 exclusion: two-headed ogre
Lair:2 2 transporters, exclusions: downstairs and fire dragon, HuGe's ghost, journeyman MiBe
Lair:5 4 runed translucent doors


Innate Abilities, Weirdness & Mutations

You are amphibious.
You cover ground slowly.
You can hop long distances.
You have an extended range of vision and can be seen from far away.


Message History

The eight-headed hydra misses you. The eight-headed hydra bites you.
* * * LOW HITPOINT WARNING * * *
The eight-headed hydra bites you.
* * * LOW HITPOINT WARNING * * *
Okay, then.
Unknown command.
Casting: Borgnjor's Vile Clutch (dangerous; 8% risk of failure)
Confirm with . or Enter, or press ? or * to list all spells.
Aiming: Vampiric Draining (safe; 1% risk of failure)
Press: ? - help, Shift-Dir - straight line, f/p - eight-headed hydra
Aim: an eight-headed hydra (heavily wounded, constricted by zombie hands)
You feel a surge of power!
You draw life force from the eight-headed hydra!
You feel life coursing into your body.
The zombie hands constrict the eight-headed hydra!
The blink frog is no longer distracted by gold.
The blink frog blinks!
Casting: Vampiric Draining (safe; 1% risk of failure)
Confirm with . or Enter, or press ? or * to list all spells.
Aiming: Vampiric Draining (safe; 1% risk of failure)
Press: ? - help, Shift-Dir - straight line, f/p - eight-headed hydra
Aim: an eight-headed hydra (severely wounded, constricted by zombie hands)
You feel a surge of power!
You draw life force from the eight-headed hydra.
You feel life coursing into your body.
The zombie hands constrict the eight-headed hydra!
The dream sheep is no longer distracted by gold.
The blink frog blinks!
The eight-headed hydra bites you.
* * * LOW HITPOINT WARNING * * *
The eight-headed hydra bites you!
* * * LOW HITPOINT WARNING * * *
The eight-headed hydra bites you but does no damage.
The eight-headed hydra barely misses you.
The eight-headed hydra bites you but does no damage.
The eight-headed hydra closely misses you.
The eight-headed hydra bites you.
* * * LOW HITPOINT WARNING * * *
The eight-headed hydra bites you!
You die...
Your body crumbles into a pile of gold.

*,*,*** *,*** ***********
***,*,,* **,.####..#,,,*,*,
*,,,,,,* *#............#..
**,,,,,,* #...............
*,,,,,,,** *#Y.Y.Y..........
**,,,,,,,,* *...YY.F.........
*,*,,<,,,,* *..Y.F...........
**,,,,,,,,*###.....Y........#
*,*,*,,,,,#@#.............P.
*,***,****##Dw§$Y$...S......
**,*,,,* ##F......§....F.F
***,,,* *$....P........F!
*,,** *.#..F.......[... *,,**
**#.............. *,,,*
*#....#.......... ***,,**
*.....#.......... *,,,,*
*#...............


You could see an eight-headed hydra (clutched), a tyrant leech and 2 blink
frogs.

Vanquished Creatures
  A boulder beetle (Lair:2)
  8 hydras
  2 catoblepae (Lair:4)
  A two-headed ogre (D:11)
  8 death yaks
  Urug (Lair:4)
  Sonja (Lair:1)
  A fire crab (Lair:3)
  An ugly thing (D:8)
  2 oklob plants (D:10)
  A manticore (Lair:4)
  2 elephants (Lair:5)
  6 black mambas
  12 cane toads
  A gargoyle (D:10)
  Psyche (D:10)
  5 rime drakes
  11 komodo dragons
  2 polar bears
  A troll (D:9)
  17 blink frogs
  13 dream sheep
  A shadow (D:11)
  9 wyverns
  22 yaks
  A spriggan (Lair:3)
  7 basilisks
  3 vampire mosquitoes
  3 nagas (Lair:3)
  A swamp worm (Lair:2)
  An acid dragon (D:8)
  11 water moccasins
  3 orc warriors
  2 ice beasts
  4 necrophages
  2 sky beasts
  A black bear (D:8)
  2 ogres (D:6)
  36 wolves
  2 centaurs (D:8)
  2 phantoms
  3 kobold brigands
  12 bullfrogs
  A gnoll sergeant (D:10)
  2 water moccasin zombies
  2 scorpions
  7 killer bees
  6 wights (D:8)
  3 electric eels (Lair:3)
  A howler monkey (D:6)
  5 hounds
  2 bullfrog zombies
  2 jellies (D:7)
  4 orc priests
  3 centaur skeletons
  3 iguanas
  5 orc wizards
  17 hell rats
  2 killer bee zombies
  9 gnolls
  7 adders
  2 ufetubi (D:6)
  2 adder skeletons (D:4)
  A worm (D:3)
  5 dart slugs
  44 orcs
  7 ball pythons
  5 endoplasms
  2 giant cockroaches (D:3)
  7 goblins
  6 hobgoblins
  7 jackals
  4 quokkas
  5 bats
  2 frilled lizards (D:3)
  3 gnoll zombies (Ossuary)
  20 kobolds
  2 kobold zombies (Ossuary)
  2 orc zombies (Ossuary)
  5 rats
438 creatures vanquished.

Vanquished Creatures (collateral kills)
  2 yaks (Lair:1)
  2 wolves (Lair:1)
  A killer bee (D:9)
  2 orcs (D:8)
7 creatures vanquished.

Vanquished Creatures (others)
  3 killer bees (D:9)
  An orc (D:10)
  2 bushes
  47 fungi
  97 plants
150 creatures vanquished.

Grand Total: 595 creatures vanquished

Notes
Turn   | Place    | Note
-------+----------+-------------------------------------------
     0 | D:1      | freelancePsychic the Barachi Necromancer began the quest
                  | for the Orb.
     0 | D:1      | Reached XP level 1. HP: 13/13 MP: 3/3
   469 | D:1      | Reached skill level 1 in Fighting
   469 | D:1      | Reached XP level 2. HP: 19/21 MP: 3/5
  1023 | D:1      | Reached XP level 3. HP: 17/26 MP: 1/7
  1589 | D:2      | Learned a level 3 spell: Vampiric Draining
  1654 | D:2      | Noticed an ogre
  1882 | D:2      | Found a faded altar of an unknown god.
  1882 | D:2      | Noticed a smoke demon
  2668 | D:3      | Reached XP level 4. HP: 33/33 MP: 8/8
  3834 | D:4      | Found a sand-covered staircase.
  3843 | Ossuary  | Entered an ossuary
  3979 | Ossuary  | Reached XP level 5. HP: 39/40 MP: 10/10
  4342 | D:4      | Found a staircase to the Ecumenical Temple.
  4374 | Temple   | Entered the Ecumenical Temple
  4604 | Temple   | Became a worshipper of Gozag Ym Sagoz the Greedy
  4640 | D:4      | Reached skill level 1 in Fire Magic
  4644 | D:4      | Reached skill level 1 in Conjurations
  4769 | D:4      | Learned a level 4 spell: Dispel Undead
  5200 | D:5      | Entered Level 5 of the Dungeon
  5215 | D:5      | Reached XP level 6. HP: 46/48 MP: 4/11
  5619 | D:5      | Found a sacrificial altar of Ru.
  5963 | D:5      | Reached skill level 5 in Necromancy
  5963 | D:5      | Reached XP level 7. HP: 47/55 MP: 4/13
  6112 | D:5      | Reached skill level 5 in Fighting
  6338 | D:5      | Learned a level 4 spell: Sticky Flame
  6593 | D:5      | Reached skill level 5 in Spellcasting
  7308 | D:5      | Reached XP level 8. HP: 57/63 MP: 8/15
  7597 | D:6      | Reached skill level 1 in Armour
  8512 | D:7      | Noticed a wyvern
  9140 | D:7      | Reached XP level 9. HP: 69/69 MP: 9/16
  9176 | D:7      | Reached skill level 5 in Armour
  9530 | D:7      | Found a glowing golden altar of the Shining One.
  9934 | D:7      | Found Regg's Weapon Shoppe.
 10086 | D:8      | Reached skill level 5 in Conjurations
 10086 | D:8      | Reached skill level 5 in Fire Magic
 10475 | D:8      | Found a stormy altar of Qazlal.
 10614 | D:8      | Found a sparkling altar of Nemelex Xobeh.
 10831 | D:8      | Noticed a red ugly thing
 10832 | D:8      | Noticed a centaur warrior
 10837 | D:8      | Noticed a tengu conjurer
 11105 | D:8      | Killed a red ugly thing
 11106 | D:8      | Reached XP level 10. HP: 43/76 MP: 2/17
 11112 | D:8      | Learned a level 5 spell: Borgnjor's Vile Clutch
 11584 | D:9      | Noticed a two-headed ogre
 12092 | D:9      | Found a broken altar of Ashenzari.
 12631 | D:10     | Entered Level 10 of the Dungeon
 12964 | D:10     | Found a staircase to the Lair.
 12964 | D:10     | Noticed an oklob plant
 12968 | D:10     | Noticed an oklob plant
 13198 | D:10     | Noticed Psyche
 13219 | D:10     | Killed Psyche
 13381 | D:10     | Found a staircase to the Orcish Mines.
 13543 | D:10     | Found a hazy altar of Hepliaklqana.
 13688 | D:10     | Noticed a two-headed ogre
 13698 | D:10     | Noticed a gargoyle
 13794 | D:10     | Killed a gargoyle
 13929 | D:10     | Killed an oklob plant
 14349 | D:10     | Found a blossoming altar of Fedhas.
 14412 | D:10     | Reached skill level 5 in Earth Magic
 14698 | D:10     | Killed an oklob plant
 14699 | D:10     | Reached XP level 11. HP: 35/86 MP: 1/18
 15366 | D:11     | Noticed a two-headed ogre
 15374 | D:11     | Killed a two-headed ogre
 15619 | D:11     | Identified the +1 robe of Disguise {MP-9 Str+3 Stlth+}
 15626 | D:11     | Noticed a manticore
 15710 | Lair:1   | Entered Level 1 of the Lair of Beasts
 15987 | Lair:1   | Noticed Sonja
 16018 | Lair:1   | Killed Sonja
 18710 | Lair:2   | Noticed a seven-headed hydra
 18710 | Lair:2   | Noticed a seven-headed hydra
 18711 | Lair:2   | Found a staircase to the Swamp.
 18720 | Lair:2   | Killed a seven-headed hydra
 18721 | Lair:2   | Reached XP level 12. HP: 74/96 MP: 11/21
 18724 | Lair:2   | Killed a seven-headed hydra
 19764 | Lair:2   | Noticed a fire dragon
 20072 | Lair:2   | Found a bloodstained altar of Trog.
 20072 | Lair:2   | Noticed HuGe's ghost (journeyman MiBe)
 20073 | Lair:2   | Found a transporter.
 20073 | Lair:2   | Found a transporter.
 20570 | Lair:2   | Noticed a seven-headed hydra
 20579 | Lair:2   | Killed a seven-headed hydra
 20738 | Lair:2   | Noticed a six-headed hydra
 20744 | Lair:2   | Killed a six-headed hydra
 20745 | Lair:2   | Reached skill level 10 in Necromancy
 21308 | Lair:3   | Reached skill level 1 in Transmutations
 21308 | Lair:3   | Reached skill level 1 in Poison Magic
 21655 | Lair:3   | Noticed a boulder beetle
 21673 | Lair:3   | Reached skill level 10 in Fighting
 21674 | Lair:3   | Noticed a seven-headed hydra
 21682 | Lair:3   | Noticed a four-headed hydra
 21771 | Lair:3   | Noticed a death yak
 21775 | Lair:3   | Noticed a death yak
 21786 | Lair:3   | Killed a seven-headed hydra
 21787 | Lair:3   | Killed a death yak
 21787 | Lair:3   | Noticed a death yak
 21788 | Lair:3   | Killed a death yak
 21789 | Lair:3   | Reached skill level 10 in Armour
 21789 | Lair:3   | Gained mutation: You can hop long distances. [Barachi
                  | growth]
 21789 | Lair:3   | Reached XP level 13. HP: 99/104 MP: 1/25
 22581 | Lair:3   | Found a staircase to the Snake Pit.
 23695 | Lair:3   | Learned a level 6 spell: Eringya's Noxious Bog
 24552 | Lair:4   | Reached skill level 5 in Poison Magic
 24555 | Lair:4   | Reached skill level 5 in Transmutations
 24835 | Lair:4   | Noticed Urug
 24878 | Lair:4   | Killed Urug
 25935 | Lair:4   | Reached XP level 14. HP: 79/114 MP: 5/27
 26509 | Lair:4   | Identified the +1 robe of Iroprafe {Contam +Blink Fly
                  | rCorr}
 27799 | Lair:5   | Reached skill level 10 in Spellcasting
 27873 | Lair:5   | Found a runed translucent door.
 28506 | Lair:5   | Found a runed translucent gate.
 28506 | Lair:5   | Found a runed translucent gate.
 28506 | Lair:5   | Found a runed translucent gate.
 28513 | Lair:5   | You fall into a shaft and drop 1 floor!
 28513 | Lair:6   | Entered Level 6 of the Lair of Beasts
 28543 | Lair:6   | HP: 3/115 [eight-headed hydra (5)]
 28546 | Lair:6   | Slain by an eight-headed hydra

Illustrated notes

Levels and vault maps discovered:
D:1:      amcnicky_arrival_gap_in_the_tavern_cellar, layout_basic
D:2:      layout_loops_cross, serial_shops, shop,
          dreamdust_ecumenical_altar_sealed_demon, minmay_hexomino_r4
D:3:      layout_loops_ring, kennysheep_cross_bottleneck
D:4:      layout_basic, temple_pool_b, enter_ossuary_1
D:5:      minmay_inner_zag, layout_loops_ring, nicolae_ru_path_of_blood
D:6:      layout_cave_pools
D:7:      layout_cave_pools, tso_metal_star, serial_glass, glass_columns_b,
          glass_columns_c, serial_shops, kennysheep_mini
D:8:      nzn_winding_woodlands_large [nzn_winding_woodlands_5x5_default,
          nzn_winding_woodlands_5x15_jagged,
          nzn_winding_woodlands_5x5_open_star,
          nzn_winding_woodlands_center_diamonds,
          nzn_winding_woodlands_15x15_thick_spiral,
          nzn_winding_woodlands_center_triple_pond,
          nzn_winding_woodlands_5x5_cross, nzn_winding_woodlands_5x15_parted,
          nzn_winding_woodlands_5x5_perimeter], layout_rooms,
          nemelex_altar_shiori, grunt_qazlal_clouds
D:9:      layout_roguey, ashenzari_conservatory_becter
D:10:     layout_gridville, lemuel_tele_altar, lemuel_doored_altar,
          dpeg_oklobed_lair, david_orc_2, uniq_psyche
D:11:     layout_basic
Temple:   regret_index_temple_generic_petals
Lair:1:   layout_layer_cave, uniq_sonja
Lair:2:   dragon1_lemuel, layout_layer_cave, palyth_hydra_swamp_entry,
          gammafunk_ghost_wrathful_warriors, chequers_serial_rivers_small_3
Lair:3:   layout_long_grid, guppyfry_snake_entry_garden,
          grunt_forest_large_clearing_hut, serial_bayou_shore_a,
          lemuel_fruit_tree
Lair:4:   layout_roguey [special_room_mythical_zoo], minmay_hedge_maze,
          uniq_urug
Lair:5:   layout_regular_city, minmay_slime_entry_pillars,
          gammafunk_ghost_necromancy, st_stairs_3, pf_torpor_hydra
Lair:6:   minmay_lair_end_frog_pond, layout_gridlike, special_room
          [special_room_jelly], st_stairs_8, patterned_corridor

Skill      XL: |  1  2  3  4  5  6  7  8  9 10 11 12 13 14 |
---------------+-------------------------------------------+-----
Fighting       | 1 2 3 4 5 8 9 10 11 12 | 12.0
Necromancy     | 4 5 6 7 9 10 | 10.0
Spellcasting   | 3 4 5 6 8 9 10 | 10.0
Fire Magic     | 1 2 4 5 |  5.6
Conjurations   | 1 2 3 5 |  5.7
Armour         | 4 9 10 11 12 | 12.0
Earth Magic    | 2 5 7 8 |  8.7
Transmutations | 3 6 7 |  7.8
Poison Magic   | 3 6 7 |  7.8
Dodging        | |  2.1
Stealth        | |  1.7

Action                   |  1- 3 |  4- 6 |  7- 9 | 10-12 | 13-15 || total
-------------------------+-------+-------+-------+-------+-------++-------
Melee: Quarterstaff      |    64 |   104 |       |       |       ||   168
       Short sword       |       |    54 |     7 |       |       ||    61
       Dagger            |       |       |   185 |    86 |       ||   271
       Punch             |       |       |     6 |     6 |     1 ||    13
       Staff             |       |       |    23 |   116 |    54 ||   193
 Cast: Pain              |    32 |     1 |     2 |       |       ||    35
       Vampiric Draining |     6 |    33 |    94 |   102 |    38 ||   273
       Dispel Undead     |       |     2 |    16 |     5 |       ||    23
       Sticky Flame      |       |       |     1 |    18 |    11 ||    30
       Borgnjor's Vile C |       |       |       |    61 |   126 ||   187
Invok: Potion Petition   |       |       |       |     3 |     5 ||     8
 Abil: Hop               |     1 |     1 |     3 |    12 |     6 ||    23
Evoke: Wand              |       |       |     4 |    14 |     1 ||    19
  Use: Potion            |       |     5 |       |     2 |     4 ||    11
       Scroll            |       |     3 |    14 |     8 |     9 ||    34
 Stab: Sleeping          |     5 |       |     1 |       |       ||     6
       Distracted        |       |     1 |     1 |     2 |     1 ||     5
       Paralysed         |       |       |       |     3 |       ||     3
       Invisible         |       |       |       |       |     1 ||     1
Armor: Robe              |    16 |    67 |     5 |       |       ||    88
       Ring mail         |       |       |   198 |   177 |   134 ||   509
       Skin              |       |       |       |    25 |       ||    25
Dodge: Dodged            |    51 |   131 |   236 |   224 |   138 ||   780
